 Dungeon Crawl Stone Soup version 0.17-a0-1719-g1afd5a1 (webtiles) character file.

10865 KambridgeKobold the Covert (level 11, -1/55 HPs)
             Began as a Spriggan Assassin on Aug 28, 2015.
             Was an Elder of Dithmenos.
             Engulfed by an ice statue's freezing vapour (9 damage)
             ... in an ice cave.
             The game lasted 00:58:09 (13762 turns).

KambridgeKobold the Covert (Spriggan Assassin)     Turns: 13762, Time: 00:58:09

Health: -1/55      AC: 11    Str:  7    XL:     11   Next: 41%
Magic:  25/25      EV: 28    Int: 17    God:    Dithmenos [****..]
Gold:   661        SH:  0    Dex: 21    Spells: 3 memorised, 9 levels left

rFire  + + +     SeeInvis +     a - +3 dagger "Hiutog" {speed, +Rage rF+++ MP+9 Int+4}
rCold  . . .     Rnd*Rage +     E - +2 robe {rN+}
rNeg   + . .     SustAt   +     (shield restricted)
rPois  .         Gourm    .     (helmet restricted)
rElec  .         Spirit   .     d - +1 cloak
rCorr  .         Warding  .     (gloves unavailable)
rMut   .         Stasis   .     (boots unavailable)
MR     +....                    z - amulet of faith
Stlth  +++++++++.               S - ring of sustain attributes
                                i - ring of wizardry

@: stone skin, wreathed by umbra, very quick, somewhat resistant to hostile
enchantments, incredibly stealthy
A: unfitting armour, horns 1, thin metallic scales 1, see invisible, agile 1,
berserk 1, herbivore 3, speed 3, slow metabolism 2, weak 1, wild magic 1
a: Shadow Step, Renounce Religion, Evoke Berserk Rage


You were in an ice cave.
You worshipped Dithmenos.
Dithmenos was greatly pleased with you.
You were not hungry.

You visited 2 branches of the dungeon, and saw 12 of its levels.
You also visited: Bailey and Ice Cave.

You collected 661 gold pieces.

Inventory:

Hand weapons
 a - the +3 dagger "Hiutog" (weapon) {speed, +Rage rF+++ MP+9 Int+4}
   (You took it off an orc on level 8 of the Dungeon)

   Attacks with this weapon are significantly faster.
   It affects your intelligence (+4).
   It renders you almost immune to fire.
   It affects your magic capacity (+9).
   It lets you go berserk.
 b - a +1 blowgun
 D - a +3 short sword
 F - the +10 sword of Jihad {holy, *Rage rN+ EV+3 Stlth-}
   (You found it on level 5 of the Dungeon)

   It has been blessed by the Shining One to cause great damage to the undead
   and demons.
   It affects your evasion (+3).
   It protects you from negative energy.
   It may make you go berserk in combat.
   It makes you less stealthy.
 Q - a +2 dagger
Missiles
 e - 42 poisoned needles
 f - 6 curare-tipped needles
 p - 261 stones (quivered)
 u - 12 tomahawks
 B - 8 needles of confusion
 U - a throwing net
Armour
 d - a +1 cloak (worn)
 E - a +2 robe of positive energy (worn)
Magical staves
 O - an uncursed staff of death
Jewellery
 c - an uncursed ring of fire
 i - a ring of wizardry (left hand)
 o - an uncursed ring of protection from fire
 z - an amulet of faith (around neck)
 S - a ring of sustain attributes (right hand)
Magical devices
 w - a wand of heal wounds (7)
 A - a wand of random effects (34)
 C - a wand of magic darts (19)
 V - a wand of enslavement (17)
Scrolls
 h - a scroll of blinking
 k - 2 scrolls of immolation
 l - 2 scrolls of teleportation
 q - 5 scrolls of remove curse
 y - a scroll of noise
 I - 2 scrolls of amnesia {unknown}
 K - 3 scrolls of recharging
 T - a scroll of enchant armour
 Z - a scroll of fear
Potions
 m - 7 potions of curing
 n - a potion of heal wounds {unknown}
 s - 2 potions of agility
 t - 5 potions of might
 v - 2 potions of degeneration
 x - a potion of cure mutation {unknown}
 H - a potion of berserk rage {unknown}
 J - a potion of lignification {unknown}
 L - 2 potions of flight
 N - a potion of poison {unknown}
 P - a potion of magic {unknown}
 X - 2 potions of brilliance
Books
 j - a book of Conjurations

   Spells                             Type                      Level
   a - Magic Dart                     Conjuration                  1
   b - Searing Ray                    Conjuration                  2
   c - Dazzling Spray                 Conjuration/Hexes            3
   d - Fulminant Prism                Conjuration/Hexes            4
   e - Iskenderun's Mystic Blast      Conjuration                  4
   f - Iskenderun's Battlesphere      Conjuration/Charms           5
 r - a book of Air

   Spells                             Type                      Level
   a - Shock                          Conjuration/Air              1
   b - Swiftness                      Charms/Air                   2
   c - Repel Missiles                 Charms/Air                   2
   d - Static Discharge               Conjuration/Air              3
   e - Lightning Bolt                 Conjuration/Air              5
 M - a book of the Earth

   Spells                             Type                      Level
   a - Leda's Liquefaction            Hexes/Earth                  4
   b - Bolt of Magma                  Conjuration/Fire/Earth       5
   c - Statue Form                    Transmutation/Earth          6
   d - Iron Shot                      Conjuration/Earth            6
   e - Shatter                        Earth                        9
 R - a book of Transfigurations

   Spells                             Type                      Level
   a - Stoneskin                      Transmutation/Earth          2
   b - Irradiate                      Conjuration/Transmutation    5
   c - Statue Form                    Transmutation/Earth          6
   d - Hydra Form                     Transmutation                6
   e - Dragon Form                    Transmutation                7
 Y - the Incunabulum of Execration
   (You found it on level 9 of the Dungeon)

   Spells                             Type                      Level
   a - Fulminant Prism                Conjuration/Hexes            4
   b - Silence                        Hexes/Air                    5
   c - Summon Mana Viper              Hexes/Summoning              5
Comestibles
 g - 3 bread rations
 W - a royal jelly


   Skills:
 - Level 5.0 Fighting
 - Level 9.1 Short Blades
 - Level 7.2 Throwing
 - Level 10.3 Dodging
 - Level 11.0 Stealth
 - Level 3.0 Spellcasting
 - Level 5.0 Hexes
 + Level 6.8 Charms
 + Level 7.9 Transmutations
 - Level 2.6 Invocations
 - Level 3.3 Evocations


You had 9 spell levels left.
You knew the following spells:

 Your Spells              Type           Power        Failure   Level  Hunger
a - Stoneskin             Trmt/Erth      ###.....     5%          2    ##.....
b - Dazzling Spray        Conj/Hex       ###.....     14%         3    ###....
c - Repel Missiles        Chrm/Air       ###...       8%          2    ##.....


Dungeon Overview and Level Annotations

Branches:
Dungeon (10/15)            Temple (0/1) D:6            Lair (2/8) D:8
    Orc (0/4) D:10

Altars:
Ashenzari
Cheibriados
Dithmenos
Fedhas
Vehumet
Xom
Zin
The Shining One
Jiyva

Shops:
D:6 *   D:7 =   D:10 (

Annotations:
IceCv exclusion: ice statue


Innate Abilities, Weirdness & Mutations

You are tiny and cannot use many weapons and most armour.
You have supernaturally acute eyesight.
You are a herbivore.
You cover ground extremely quickly.
You need consume almost no food.
You have a pair of small horns on your head.
You are partially covered in thin metallic scales (AC +2).
You are agile. (Dex +2)
You tend to lose your temper in combat.
You are weak. (Str -2)
Your spells are a little harder to cast, but a little more powerful.


Message History

You hit the ice statue but do no damage.
You headbutt the ice statue, but do no damage.
The ice statue is heavily damaged.
You are engulfed in freezing vapours.
Unknown command.
You hit the ice statue.
The ice statue is heavily damaged.
You are engulfed in freezing vapours.
The ice beast misses you. The ice beast completely misses you.
The ice beast misses you.
You hit the ice statue but do no damage.
The ice statue is heavily damaged.
You are engulfed in freezing vapours.
You hit the ice statue but do no damage.
The ice statue is heavily damaged.
You are engulfed in freezing vapours.
You are engulfed in freezing vapours.
* * * LOW HITPOINT WARNING * * *
The ice beast completely misses you. x2
You are engulfed in freezing vapours.
You die...

##...### ##
#......## # ..
#..##...## =#.
#...##...### #.###
##..####...####.§.#
#...####...##§8§#
#%...# #..##YYY#
#∩%.####..###§§#
##..∩##..####@.#
#####.....#..##
##.#...### #######


You could see an ice statue and 3 ice beasts.

Vanquished Creatures
  Erica (Lair:2)
  An unseen horror (D:10)
  Pikel (D:6)
  3 elephants (Lair:2)
  Psyche (D:8)
  A komodo dragon (Lair:2)
  A troll (D:10)
  A polar bear (IceCv)
  A two-headed ogre (D:9)
  3 yaks (D:10)
  A basilisk (Lair:1)
  2 hippogriffs
  4 wolves
  Edmund (D:6)
  2 water moccasins
  Duvessa (D:4)
  2 sky beasts
  An eye of draining (D:10)
  A wasp (D:10)
  6 orc warriors
  4 centaurs
  A phantom (D:6)
  3 ice beasts
  11 ogres
  The ghost of dadoka the Insei, an average OpTm (D:3)
  A necrophage (D:5)
  6 giant frogs
  A wyvern zombie (D:9)
  2 big kobolds (D:8)
  Dowan (D:4)
  2 scorpions
  12 killer bees
  A giant frog zombie (D:8)
  A centaur zombie (D:6)
  4 crimson imps
  3 gnoll shamans (D:8)
  3 orc priests
  3 hounds
  4 jellies
  A quasit (D:10)
  3 orc wizards
  A centaur skeleton (D:7)
  3 iguanas
  6 worker ants
  A hound skeleton (D:7)
  A worker ant zombie (D:5)
  13 adders
  10 gnolls
  2 shadow imps
  5 oozes
  2 adder skeletons
  An adder zombie (D:8)
  3 worms
  2 giant geckos
  34 orcs
  6 bats
  10 goblins
  8 hobgoblins
  6 kobolds
  3 quokkas
  A ball python (D:3)
  4 giant cockroaches
  A giant gecko skeleton (D:3)
  A giant newt (D:5)
  8 jackals
  A jackal skeleton (D:7)
  A quokka skeleton (D:6)
  5 rats
  A fungus (D:8)
243 creatures vanquished.

Vanquished Creatures (others)
  5 fungi (D:8)
  7 plants (D:8)
12 creatures vanquished.

Grand Total: 255 creatures vanquished

Notes
Turn   | Place    | Note
--------------------------------------------------------------
     0 | D:1      | KambridgeKobold the Spriggan Assassin began the quest for the Orb.
     0 | D:1      | Reached XP level 1. HP: 10/10 MP: 2/2
    64 | D:1      | Reached skill level 6 in Stealth
   381 | D:1      | Reached XP level 2. HP: 5/15 MP: 3/3
   864 | D:2      | Reached XP level 3. HP: 15/18 MP: 4/4
  1101 | D:2      | Found a shattered altar of Ashenzari.
  1920 | D:3      | Reached skill level 7 in Stealth
  2036 | D:3      | Noticed dadoka's ghost (average OpTm)
  2055 | D:3      | Killed dadoka's ghost
  2055 | D:3      | Reached XP level 4. HP: 12/23 MP: 5/5
  2229 | D:3      | Reached XP level 5. HP: 27/27 MP: 6/6
  2317 | D:3      | Found a blossoming altar of Fedhas.
  2427 | D:3      | HP: 1/27 [worm (7)]
  2998 | D:3      | Found a radiant altar of Vehumet.
  3002 | D:3      | Reached skill level 8 in Stealth
  3044 | D:3      | Found a shimmering altar of Xom.
  3608 | D:3      | Reached XP level 6. HP: 14/32 MP: 7/7
  3991 | D:4      | Found a viscous altar of Jiyva.
  4004 | D:4      | Reached skill level 9 in Stealth
  4462 | D:4      | Noticed Dowan
  4465 | D:4      | Noticed Duvessa
  4496 | D:4      | Killed Duvessa
  4496 | D:4      | Reached XP level 7. HP: 3/37 MP: 8/8
  4520 | D:4      | Killed Dowan
  4520 | D:4      | Reached skill level 10 in Stealth
  4732 | D:4      | Found a shadowy altar of Dithmenos.
  4814 | D:4      | Became a worshipper of Dithmenos the Shadowed
  5417 | D:5      | Entered Level 5 of the Dungeon
  5437 | D:5      | Reached skill level 5 in Fighting
  5437 | D:5      | Reached skill level 11 in Stealth
  5718 | D:5      | Reached skill level 5 in Dodging
  5718 | D:5      | Reached XP level 8. HP: 43/43 MP: 9/9
  5733 | D:5      | Gained mutation: You are weak. (Str -2) [potion of mutation]
  5733 | D:5      | Gained mutation: You are partially covered in thin metallic scales (AC +2). [potion of mutation]
  5733 | D:5      | Gained mutation: You tend to lose your temper in combat. [potion of mutation]
  5734 | D:5      | Gained mutation: You have a pair of small horns on your head. [potion of mutation]
  6233 | D:6      | Found Meoturim's Assorted Antiques.
  6281 | D:6      | Noticed Edmund
  6284 | D:6      | Found a staircase to the Ecumenical Temple.
  6286 | D:6      | Killed Edmund
  6535 | D:6      | Noticed Pikel
  6609 | D:6      | Killed Pikel
  6609 | D:6      | Reached skill level 5 in Throwing
  6609 | D:6      | Reached XP level 9. HP: 14/47 MP: 10/10
  6656 | D:6      | Reached skill level 5 in Short Blades
  6665 | D:6      | Found a snail-covered altar of Cheibriados.
  7553 | D:7      | Found Deladawn's Jewellery Shoppe.
  7605 | D:7      | Gained mutation: You are agile. (Dex +2) [potion of mutation]
  7605 | D:7      | Gained mutation: Your spells are a little harder to cast, but a little more powerful. [potion of mutation]
  8255 | D:7      | Found a glowing silver altar of Zin.
  8646 | D:8      | Acquired Dithmenos's first power
  8672 | D:8      | Noticed Psyche
  8676 | D:8      | Killed Psyche
  8676 | D:8      | Reached skill level 10 in Dodging
  8698 | D:8      | Got a slimy dagger
  8699 | D:8      | Identified the cursed +3 dagger "Hiutog" {speed, +Rage rF+++ MP+9 Int+4} (You took it off an orc on level 8 of the Dungeon)
  8856 | D:8      | Found a staircase to the Lair.
  8891 | D:8      | Reached XP level 10. HP: 51/51 MP: 11/11
  8905 | D:8      | Found a glowing golden altar of the Shining One.
  8909 | D:8      | Reached skill level 1 in Invocations
  8909 | D:8      | Reached skill level 1 in Evocations
 10052 | D:8      | Learned a level 2 spell: Stoneskin
 10286 | D:9      | Acquired Dithmenos's second power
 10395 | D:9      | Reached skill level 1 in Spellcasting
 10578 | D:9      | Identified the Incunabulum of Execration
 10954 | D:10     | Entered Level 10 of the Dungeon
 10956 | D:10     | Reached skill level 1 in Transmutations
 10966 | D:10     | Learned a level 3 spell: Dazzling Spray
 11074 | D:10     | Found Buinlag's Weapon Emporium.
 11074 | D:10     | Found a staircase to the Orcish Mines.
 11121 | D:10     | Reached skill level 1 in Hexes
 11461 | D:10     | Learned a level 2 spell: Repel Missiles
 11466 | D:10     | Noticed a cyclops
 11476 | D:10     | Found a flagged portal.
 11488 | Bailey   | Entered a bailey
 11498 | Bailey   | Noticed KambridgeKobold's ghost (experienced MiFi)
 11995 | D:10     | Noticed an unseen horror
 11998 | D:10     | Killed an unseen horror
 11998 | D:10     | Reached skill level 5 in Hexes
 12053 | D:10     | Acquired Dithmenos's third power
 12053 | D:10     | Reached skill level 1 in Charms
 12056 | D:10     | Reached skill level 5 in Transmutations
 12058 | D:10     | Reached XP level 11. HP: 55/55 MP: 16/16
 12547 | Lair:1   | Entered Level 1 of the Lair of Beasts
 13197 | Lair:2   | Noticed Erica
 13251 | Lair:2   | Killed Erica
 13319 | Lair:2   | Reached skill level 5 in Charms
 13489 | Lair:2   | Found a frozen archway.
 13506 | IceCv    | Entered an ice cave
 13715 | IceCv    | Noticed an ice statue
 13762 | IceCv    | Engulfed by an ice statue's freezing vapour

Vault maps used:
D:1:      dpeg_arrival_erosion
D:2:      evilmike_ruin_ashenzari
D:3:      led_xom_imps, nicolae_overflow_crystal_walls, lemuel_doored_altar,
          minmay_tree_intersection
D:4:      overflow_temple_1_default, portal_sewer_entry_d, jiyva_altar_1,
          uniq_duvessa
D:5:      first_bread
D:6:      old_standard_altar, temple_statues, serial_shops,
          nicolae_shop_overgrown_old_shop, uniq_pikel, uniq_edmund
D:7:      kennysheep_little_box, serial_shops, shop, minmay_misc_feat_hallway
D:8:      kennysheep_seaside_town, old_standard_altar, lair_0_dummy, uniq_psyche
D:10:     orc_david_3, enter_bailey_8
Lair:1:   infiniplex_staircase_pool, serial_bayou_shore_b
Lair:2:   portal_ice_cave_entry_ice_beasts, uniq_erica
Bailey:   bailey_polearm_2, bailey
IceCv:    ice_cave_caverns_03

Action                   |  1- 3 |  4- 6 |  7- 9 | 10-12 || total
-------------------------+-------+-------+-------+-------++-------
Melee: Dagger            |    96 |   272 |   265 |   610 ||  1243
       Eudemon blade     |       |       |     6 |       ||     6
       Short sword       |       |       |     4 |       ||     4
 Fire: Blowgun           |     5 |    26 |    43 |    52 ||   126
 Cast: Stoneskin         |       |       |       |     2 ||     2
       Repel Missiles    |       |       |       |     1 ||     1
Evoke: Wand              |       |       |     3 |       ||     3
  Use: Scroll            |       |     8 |     5 |     9 ||    22
       Potion            |       |       |     3 |       ||     3
 Stab: Sleeping          |    17 |    14 |    37 |    24 ||    92
       Distracted        |     1 |     1 |     2 |     6 ||    10
  Eat: Pizza             |       |       |     1 |       ||     1
       Bread ration      |       |       |     1 |     1 ||     2
       Royal jelly       |       |       |       |     1 ||     1
